 Dungeon Crawl Stone Soup version 0.17-a0-1701-gf693a3f (webtiles) character file.

71 urechis the Skirmisher (level 4, -3/33 HPs)
             Began as an Octopode Fighter on Aug 21, 2015.
             Killed from afar by Natasha (6 damage)
             ... with a wand of frost
             ... on level 2 of the Dungeon.
             The game lasted 00:01:12 (1320 turns).

urechis the Skirmisher (Octopode Fighter)           Turns: 1320, Time: 00:01:13

Health: -3/33      AC:  1    Str: 15    XL:     4   Next: 24%
Magic:  4/4        EV: 10    Int: 10    God:
Gold:   71         SH:  8    Dex: 12    Spells: 0 memorised, 3 levels left

rFire  . . .     SeeInvis .     a - +0 long sword
rCold  . . .     Clarity  .     b - +0 shield
rNeg   . . .     SustAt   .     (helmet restricted)
rPois  .         Gourm    .     (no amulet)
rElec  .         Spirit   .     (no ring)
rCorr  .         Warding  .     (no ring)
rMut   .         Stasis   .     (no ring)
MR     .....                    (no ring)
Stlth  ++........               (no ring)
                                (no ring)
                                (no ring)
                                (no ring)

@: not resistant to hostile enchantments, unstealthy
A: almost no armour, amphibious, 8 rings, constrict 8, camouflage 1, gelatinous
body 1
a: no special abilities


You were on level 2 of the Dungeon.
You were not hungry.

You visited 1 branch of the dungeon, and saw 2 of its levels.

You collected 71 gold pieces.

Inventory:

Hand weapons
 a - a +0 long sword (weapon)
Armour
 b - a +0 shield (worn)
Scrolls
 e - 3 scrolls of identify {unknown}
 g - a scroll of teleportation {unknown}
 k - 2 scrolls of enchant armour {unknown}
 l - a scroll of magic mapping {unknown}
 m - a scroll of noise {unknown}
 n - a scroll of enchant weapon {unknown}
 o - a scroll of recharging {unknown}
Potions
 c - 3 potions of might
 f - a potion of invisibility {unknown}
 i - a potion of curing {unknown}
Comestibles
 d - a bread ration
 h - a slice of pizza
 j - a beef jerky


   Skills:
 + Level 4.0 Fighting
 + Level 3.3 Long Blades
 - Level 3.0 Dodging
 - Level 3.0 Shields


You had 3 spell levels left.
You didn't know any spells.

Dungeon Overview and Level Annotations

Branches:
Dungeon (2/15)

Altars:
Nemelex Xobeh

Annotations:
D:2 Natasha


Innate Abilities, Weirdness & Mutations

You cannot wear most types of armour.
You are amphibious.
You can wear up to eight rings at the same time.
You can use your tentacles to constrict eight enemies at once.
Your skin changes colour to match your surroundings (Stealth).
Your rubbery body absorbs attacks (AC +1).


Message History

You kill the worm!
Natasha mumbles some strange words.
Natasha casts a spell.
The shadow imp hits you.
Found 16 bolts.
You barely miss the shadow imp. You grab the shadow imp.
Your squeeze misses the shadow imp.
You constrict the shadow imp, but do no damage.
Natasha casts a spell at you. The magic dart hits you!
* * * LOW HITPOINT WARNING * * *
The shadow imp hits you.
* * * LOW HITPOINT WARNING * * *
You barely miss Natasha. Your grab misses Natasha.
You constrict the shadow imp, but do no damage.
Natasha zaps a wand.
The puff of frost hits you!
* * * LOW HITPOINT WARNING * * *
It is a wand of frost.
The crimson imp blinks!
The shadow imp misses you.
Natasha zaps a wand.
The puff of frost hits you!
You die...

#... ..............( #.##... #
##.............. #.##... #
................ #.##... #
#.............[. #.####. # #.#
#........... #.##### #### #.#
#...§....... #.#.... ...# #.#
#...5h...... #.#.###
.#.######.# #..@...# ####'#.#
....†.....# #......# #......#
.#.#####..####......####......#
.................†.....+...>..#
.#.#####..#####..#######...).<#
.#.# ##.# #..# #.....## .#.#
#.# #.... ..#.....# ##.# #.#
####.#####.#..†(.### ...# #..
........##.###.....#


You could see Natasha and a shadow imp.

Vanquished Creatures
  Natasha (twice) (D:2)
  A worm (D:2)
  A giant gecko (D:1)
  A ball python (D:2)
  4 goblins
  3 hobgoblins (D:1)
  2 jackals (D:1)
  2 bats (D:1)
  2 giant cockroaches (D:1)
  7 giant newts
  6 kobolds
  6 rats
37 creatures vanquished.

Notes
Turn   | Place    | Note
--------------------------------------------------------------
     0 | D:1      | urechis the Octopode Fighter began the quest for the Orb.
     0 | D:1      | Reached XP level 1. HP: 16/16 MP: 1/1
   210 | D:1      | Reached XP level 2. HP: 13/21 MP: 2/2
   923 | D:2      | Reached XP level 3. HP: 26/26 MP: 3/3
   948 | D:2      | Noticed Natasha
   954 | D:2      | Killed Natasha
  1227 | D:2      | Found a sparkling altar of Nemelex Xobeh.
  1232 | D:2      | Reached XP level 4. HP: 31/33 MP: 4/4
  1258 | D:2      | Noticed Natasha
  1279 | D:2      | Killed Natasha
  1279 | D:2      | Reached skill level 4 in Fighting
  1315 | D:2      | Noticed Natasha
  1320 | D:2      | Killed from afar by Natasha

Vault maps used:
D:1:      minmay_arrival_up_and_down, st_stairs_1, hex_medium
D:2:      nemelex_deck, old_standard_altar, uniq_natasha, uniq_robin

Action                   |  1- 3 |  4- 6 || total
-------------------------+-------+-------++-------
Melee: Long sword        |    68 |    10 ||    78
 Stab: Sleeping          |     5 |     2 ||     7
  Eat: Chunk             |     1 |       ||     1
